 Dungeon Crawl Stone Soup version 0.27-a0-1529-g1e82c303ef (webtiles) character file.

Game seed: 7893232889558694733

133 avis the Insei (level 5, -2/36 HPs)
             Began as an Octopode Transmuter on July 12, 2021.
             Slain by a centaur zombie (5 damage)
             ... on level 3 of the Dungeon.
             The game lasted 00:14:25 (3009 turns).

avis the Insei (Octopode Transmuter)                Turns: 3009, Time: 00:14:26

Health: -2/36      AC:  1    Str: 10    XL:     5   Next: 16%
Magic:  4/8        EV: 13    Int: 16    God:
Gold:   87         SH:  0    Dex: 12    Spells: 4/8 levels left

rFire    . . .     SeeInvis .     - Unarmed
rCold    . . .     Faith    .   (no shield)
rNeg     + . .     Spirit   .   (helmet restricted)
rPois    .         Reflect  .   (no amulet)
rElec    .         Harm     .   c - ring of positive energy
rCorr    .         Rampage  .   (no ring)
Will     .....                  (no ring)
Stlth    +++.......             (no ring)
HPRegen  0.12/turn              (no ring)
MPRegen  0.11/turn              (no ring)
                                (no ring)
                                (no ring)

@: no status effects
A: almost no armour, amphibious, 8 rings, camouflage 1, gelatinous body 1,
(nimble swimmer 1), tentacles
a: no special abilities


You were on level 3 of the Dungeon.
You visited 1 branch of the dungeon, and saw 3 of its levels.

You collected 87 gold pieces.

Inventory:

Hand Weapons
 f - a +0 hunting sling
Missiles
 g - 26 stones
 h - 23 bolts
Jewellery
 c - a ring of positive energy (left tentacle)
Scrolls
 a - 2 scrolls of identify {unknown}
Potions
 b - a potion of resistance {unknown}
 d - a potion of ambrosia {unknown}
 e - a potion of brilliance {unknown}


   Skills:
 - Level 3.0 Fighting
 - Level 2.0 Dodging
 - Level 2.0 Stealth
 * Level 4.1 Unarmed Combat
 - Level 2.0 Spellcasting
 - Level 2.0 Transmutations
 - Level 2.0 Poison Magic


You had 4 spell levels left.
You knew the following spells:

 Your Spells              Type           Power      Damage    Failure   Level
a - Beastly Appendage     Tmut           16%        N/A       9%          1
p - Spider Form           Tmut/Pois      4%         N/A       26%         3

Your spell library contained the following spells:

 Spells                   Type           Power      Damage    Failure   Level
 Wereblood                Tmut           8%         N/A       14%         2
 Call Canine Familiar     Summ           1%         N/A       52%         3
 Inner Flame              Hex/Fire       1%         N/A       52%         3
 Portal Projectile        Hex/Tloc       2%         N/A       52%         3
 Ice Form                 Ice/Tmut       4%         N/A       80%         4
 Cause Fear               Hex            0%         N/A       90%         4
 Leda's Liquefaction      Hex/Erth       0%         N/A       90%         4
 Discord                  Hex            0%         N/A       100%        8


Dungeon Overview and Level Annotations

Branches:
Dungeon (3/15)

Altars:
Ashenzari
Cheibriados
Elyvilon
Hepliaklqana
Trog
Wu Jian
Xom

Shops:
D:1 ?

Annotations:
D:3 2 runed translucent doors


Innate Abilities, Weirdness & Mutations

You cannot wear most types of armour.
You are amphibious.
You can wear up to eight rings at the same time.
Your skin changes colour to match your surroundings (Stealth+).
Your rubbery body absorbs attacks. (AC +1, EV +1)
((You are camouflaged near water. (Stealth+)))
You have tentacles for arms and can constrict up to eight enemies at once.


Message History

You hit the centaur zombie.
The centaur zombie is heavily damaged.
Your transformation has ended.
The centaur zombie hits you.
* * * LOW HITPOINT WARNING * * *
The centaur zombie barely misses you.
Casting: Spider Form (quite dangerous; 26% risk of failure)
Confirm with . or Enter, or press ? or * to list all spells.
One of your tentacles grows a vicious spike.
The centaur zombie closely misses you. x2
You tentacle-slap the centaur zombie.
You pierce the centaur zombie.
The centaur zombie is severely damaged.
The centaur zombie hits you.
* * * LOW HITPOINT WARNING * * *
The centaur zombie kicks you but does no damage.
You tentacle-slap the centaur zombie.
The centaur zombie is severely damaged.
The centaur zombie closely misses you. x2
You barely miss the centaur zombie.
You squeeze the centaur zombie, but do no damage.
The centaur zombie is severely damaged.
The centaur zombie barely misses you. The centaur zombie kicks you.
* * * LOW HITPOINT WARNING * * *
The centaur zombie hits you.
* * * LOW HITPOINT WARNING * * *
The centaur zombie kicks you.
* * * LOW HITPOINT WARNING * * *
Your transformation is almost over.
The centaur zombie closely misses you. The centaur zombie barely misses you.
The centaur zombie barely misses you. The centaur zombie kicks you.
* * * LOW HITPOINT WARNING * * *
The centaur zombie hits you.
* * * LOW HITPOINT WARNING * * *
The centaur zombie kicks you.
* * * LOW HITPOINT WARNING * * *
Your tentacle spike disappears.
The centaur zombie closely misses you. The centaur zombie barely misses you.
There is a stone staircase leading up here.
The centaur zombie hits you.
You die...

#..............†......
#.._..._..............
#...._................
#.##...####........###
#.#....# #........#
#†#.##.# #........# #
.≈
#.#.##.####........#
##≈#≈
#.#.##.............#
#≈≈#≈
#.#.#.....Z@#'######
w≈≈≈≈
#.#.#.......#.#######
≈#≈≈≈
##.#.................#
≈≈≈≈≈
#...######..#.........
≈≈≈≈≈ #...#
#...........# ≈≈≈≈≈
#...# #..#........#
≈≈≈≈≈ ##...#
#..#........# ≈≈#≈≈
#...# #..#........#
#≈≈≈ ##...
#..#......... w≈≈≈≈


You could see a centaur zombie.

Vanquished Creatures
  An iguana (D:3)
  4 adders
  A worm (D:2)
  6 dart slugs
  8 ball pythons
  2 endoplasms
  3 giant cockroaches (D:1)
  5 goblins (D:2)
  3 hobgoblins
  7 jackals
  A quokka (D:2)
  4 bats
  5 frilled lizards
  3 kobolds
  4 rats
57 creatures vanquished.

Notes
Turn   | Place    | Note
-------+----------+-------------------------------------------
     0 | D:1      | avis the Octopode Transmuter began the quest for the Orb.
     0 | D:1      | Reached XP level 1. HP: 13/13 MP: 3/3
    35 | D:1      | Found Liahonue's Magic Scroll Shop.
    38 | D:1      | Reached skill level 1 in Stealth
   162 | D:1      | Found a faded altar of an unknown god.
   172 | D:1      | Reached XP level 2. HP: 18/18 MP: 3/5
   884 | D:2      | Reached XP level 3. HP: 20/25 MP: 4/6
   897 | D:2      | Learned a level 3 spell: Spider Form
  1424 | D:2      | You fall into a shaft and drop 1 floor!
  1533 | D:2      | Reached skill level 1 in Poison Magic
  1944 | D:2      | Reached XP level 4. HP: 20/31 MP: 0/7
  2536 | D:3      | Found an ornate altar of the Wu Jian Council.
  2583 | D:3      | Found a broken altar of Ashenzari.
  2586 | D:3      | Found a bloodstained altar of Trog.
  2586 | D:3      | Found a hazy altar of Hepliaklqana.
  2586 | D:3      | Found a snail-covered altar of Cheibriados.
  2587 | D:3      | Found a white marble altar of Elyvilon.
  2588 | D:3      | Found a shimmering altar of Xom.
  2948 | D:3      | Reached XP level 5. HP: 36/36 MP: 4/8
  2954 | D:3      | Found a runed translucent gate.
  2955 | D:3      | Found a runed translucent gate.
  2981 | D:3      | Reached skill level 4 in Unarmed Combat
  3009 | D:3      | Slain by a centaur zombie

Illustrated notes

Levels and vault maps discovered:
D:1:      lemuel_arrival_lava_pool, layout_loops_cross, serial_shops,
          shop_statue, hellmonk_ecumenical_altar_zigzags
D:2:      cheibrodos_greedy_goblins, layout_loops_ring, st_stairs_13
D:3:      kennysheep_slugbush, layout_basic, grunt_temple_overflow_opulence,
          grunt_temple_overflow_open, gammafunk_ghost_split, serial_curves,
          eino_curves_03, eino_curves_02, eino_curves_03, eino_curves_01

Skill      XL: |  1  2  3  4  5 |
---------------+----------------+-----
Stealth        | 2 |  2.0
Fighting       | 2 3 |  3.0
Poison Magic   | 1 2 |  2.0
Unarmed Combat | 4 |  4.1
Dodging        | |  2.0
Spellcasting   | |  2.0
Transmutations | |  2.0

Action                   |  1- 3 |  4- 6 || total
-------------------------+-------+-------++-------
Melee: Unarmed           |    83 |    45 ||   128
       Constrict         |    23 |     2 ||    25
       Kick              |    14 |     2 ||    16
       Tentacles         |     8 |     2 ||    10
 Cast: Beastly Appendage |    24 |     5 ||    29
       Spider Form       |     4 |     8 ||    12
 Stab: Sleeping          |    17 |     3 ||    20
Armor: Skin              |     5 |     6 ||    11
Dodge: Dodged            |    31 |    51 ||    82

Table legend: (Time is in decaauts)
 A = Elapsed time spent in this place.
 B = Non-inter-level travel time spent in this place.
 C = Inter-level travel time spent in this place.
 D = Time resting spent in this place.
 E = Time spent auto-exploring this place.
 F = Levels seen in this place.
 G = Mean time per level.
                   A        B        C        D        E       F      G
               +--------+--------+--------+--------+--------+-----+--------+
         Total |   3005 |   2907 |     98 |   1123 |   1186 |   3 | 1001.7 |
       Dungeon |   3005 |   2907 |     98 |   1123 |   1186 |   3 | 1001.7 |
               +--------+--------+--------+--------+--------+-----+--------+

Top non-repeatable levels by time:
     D:2: 1699 daAuts
     D:1: 887 daAuts
     D:3: 418 daAuts
